 Dungeon Crawl Stone Soup version 0.16.0-16-g311141a (webtiles) character file.

429 Zapata the Cudgeler (level 7, -4/61 HPs)
             Began as a Kobold Berserker on Mar 19, 2015.
             Was a Priest of Trog.
             Slain by an ogre
             ... wielding a +0 giant club
              (20 damage)
             ... on level 4 of the Dungeon.
             The game lasted 00:06:19 (3374 turns).

Zapata the Cudgeler (Kobold Berserker)              Turns: 3374, Time: 00:06:19

Health: -4/61      AC:  3    Str: 20    XL:     7   Next: 19%
Magic:  7/7        EV: 15    Int:  5    God:    Trog [***...]
Gold:   153        SH:  0    Dex: 18    Spells: 0 memorised, 6 levels left

rFire  + . .     SeeInvis .     a - +0 mace
rCold  . . .     Clarity  .     b - +0 animal skin
rNeg   + . .     SustAb   .     (no shield)
rPois  .         Gourm    .     (no helmet)
rElec  .         Spirit   .     o - +0 cloak
rCorr  .         Warding  +     (no gloves)
rMut   .         Stasis   .     (no boots)
MR     .....                    k - amulet of warding
Stlth  ..........               (no ring)
                                i - ring of protection from fire

@: berserking, very quick, not resistant to hostile enchantments, extremely
unstealthy
A: carnivore 3
a: Burn Spellbooks, Berserk, Trog's Hand, Renounce Religion


You were on level 4 of the Dungeon.
You worshipped Trog.
Trog was most pleased with you.
You were not hungry.

You visited 1 branch of the dungeon, and saw 4 of its levels.

You collected 153 gold pieces.

Inventory:

Hand weapons
 a - a +0 mace (weapon)
Missiles
 d - 106 stones (quivered)
 r - 9 poisoned bolts
Armour
 b - a +0 animal skin (worn)
 o - a +0 cloak (worn)
Jewellery
 i - a ring of protection from fire (left hand)
 k - an amulet of warding (around neck)
Scrolls
 g - a scroll of remove curse {unknown}
 h - a scroll of magic mapping {unknown}
 n - 4 scrolls of identify {unknown}
 s - a scroll of enchant weapon {unknown}
 v - a scroll of fear {unknown}
Potions
 e - 3 potions of haste {unknown}
 f - a potion of restore abilities {unknown}
 j - a potion of resistance
 m - 2 potions of heal wounds {unknown}
 p - a potion of curing {unknown}
 t - a potion of magic {unknown}
 u - a potion of poison {unknown}
 w - a potion of lignification {unknown}
Comestibles
 c - 2 meat rations
 l - 2 beef jerkies
 q - a royal jelly


   Skills:
 - Level 3.2 Fighting
 + Level 7.6 Maces & Flails
 - Level 1.5 Armour
 - Level 2.4 Dodging


You had 6 spell levels left.
You didn't know any spells.

Dungeon Overview and Level Annotations

Branches:
Dungeon (4/15)
 Temple: D:4-7

Altars:
Ru
Yredelemnul

Annotations:
D:2 iulf


Innate Abilities, Weirdness & Mutations

You are small and have problems with some larger weapons.
You are carnivorous and can eat meat at any time.


Message History

There are monsters nearby!
You sock the bat skeleton!!
You destroy the bat skeleton!
The ogre shouts!
The ogre hits you with a giant club!!
Ouch! That really hurt!
* * * LOW HITPOINT WARNING * * *
Found a falchion, a short sword and 8 gold pieces.
A goblin and a gnoll come into view.
You are too injured to fight recklessly!
Huge Dmg: -69%(-28hp) hp: 27%(11hp) Use which ability? (? or * to list)
A red film seems to cover your vision as you go berserk!
You feel yourself moving faster!
You feel mighty!
You feel somewhat more hungry.
The gnoll shouts!
You sock the ogre!
The ogre is severely wounded.
The ogre hits you with a giant club!!
You die...

##.### ##.###......
#.....## #..#
##.....
........###>##
#.....
...$.........#
##....
.............##
##...
$.....!.......##
##..
...............##
###
.................#
..g.....@.........#
)).....O..........#
.................
.g..............
.##..?.........
##.......###
#.......# #........
...


You could see an ogre, a gnoll and a goblin.

Vanquished Creatures
  A phantom (D:4)
  Crazy Yiuf (D:2)
  A hound (D:4)
  An iguana (D:4)
  A worker ant (D:4)
  4 gnolls (D:3)
  4 adders
  A shadow imp (D:4)
  A giant mite (D:4)
  11 worms
  An adder skeleton (D:4)
  4 giant geckos
  2 oozes (D:2)
  2 orcs (D:3)
  13 bats
  A bat skeleton (D:4)
  A giant cockroach (D:3)
  6 goblins
  11 hobgoblins
  10 kobolds
  5 ball pythons
  2 giant newts
  A quokka (D:4)
  A quokka skeleton (D:4)
  6 rats
92 creatures vanquished.

Notes
Turn   | Place    | Note
--------------------------------------------------------------
     0 | D:1      | Zapata, the Kobold Berserker, began the quest for the Orb.
     0 | D:1      | Reached XP level 1. HP: 14/14 MP: 1/1
    53 | D:1      | Reached XP level 2. HP: 14/19 MP: 2/2
   388 | D:1      | Acquired Trog's second power
   388 | D:1      | Reached skill level 4 in Maces & Flails
   388 | D:1      | Reached XP level 3. HP: 23/23 MP: 3/3
   747 | D:2      | Found a sacrificial altar of Ru.
   763 | D:2      | Reached XP level 4. HP: 21/28 MP: 4/4
  1081 | D:2      | Reached skill level 5 in Maces & Flails
  1399 | D:2      | Found a sacrificial altar of Ru.
  1489 | D:2      | Noticed Crazy Yiuf
  1492 | D:2      | Killed Crazy Yiuf
  1492 | D:2      | Reached XP level 5. HP: 32/32 MP: 5/5
  1853 | D:3      | Reached skill level 6 in Maces & Flails
  1951 | D:3      | Reached XP level 6. HP: 37/37 MP: 6/6
  2508 | D:4      | Found a basalt altar of Yredelemnul.
  2789 | D:4      | Reached skill level 7 in Maces & Flails
  3179 | D:4      | Reached XP level 7. HP: 41/41 MP: 7/7
  3374 | D:4      | Slain by an ogre

Action                   |  1- 3 |  4- 6 |  7- 9 || total
-------------------------+-------+-------+-------++-------
Melee: Mace              |    57 |   158 |    24 ||   239
Throw: Stone             |    10 |    32 |       ||    42
Invok: Berserk           |     2 |    11 |     1 ||    14
       Trog's Hand       |     1 |       |       ||     1
 Stab: Sleeping          |       |     1 |       ||     1
  Eat: Chunk             |     8 |    11 |       ||    19
       Pizza             |       |     1 |       ||     1
       Beef jerky        |       |       |     1 ||     1
